 Dungeon Crawl Stone Soup version 0.31-a0-95-g6fa058ef04 (webtiles) character file.

Game seed: 13729338670199834599

193 IdlyInterested the Poker (level 5, -2/41 HPs)
             Began as a Demonspawn Wanderer on May 25, 2023.
             Slain by an ice beast (10 damage)
             ... on level 3 of the Dungeon.
             The game lasted 00:06:07 (2009 turns).

IdlyInterested the Poker (Demonspawn Wanderer)      Turns: 2009, Time: 00:06:07

Health: -2/41      AC: 13    Str: 16    XL:     5   Next: 43%
Magic:  6/6        EV:  4    Int: 14    God:
Gold:   147        SH:  0    Dex: 10    Spells: 5/6 levels left

rFire   . . .        a - +0 trident
rCold   . . .        (no shield)
rNeg    . . .        s - +0 plate armour
rPois   .            (no helmet)
rElec   .            b - +0 cloak
rCorr   +            (no gloves)
SInv    .            (no boots)
Will    .....        k - amulet of regeneration Stlth
                     n - ring of resist corrosion
HPRegen 1.06/turn    (no ring)
MPRegen 0.10/turn

%: no passive effects
@: no status effects
A: icy blue scales 1, powered by death 2
a: no special abilities


You were on level 3 of the Dungeon.
You visited 1 branch of the dungeon, and saw 3 of its levels.

You collected 147 gold pieces.

Inventory:

Hand Weapons
 a - a +0 trident (weapon)
Missiles
 e - 22 stones
 i - a boomerang of dispersal
 o - 3 javelins
 q - 2 curare-tipped darts
Armour
 b - a +0 cloak (worn)
 s - a +0 plate armour (worn)
Magical Staves
 f - a staff of cold
Jewellery
 k - an amulet of regeneration (around neck)
 n - a ring of resist corrosion (left hand)
Scrolls
 d - a scroll of fog
 h - a scroll of blinking {unknown}
 j - a scroll of enchant weapon {unknown}
 m - a scroll of magic mapping
 p - a scroll of vulnerability {unknown}
 r - a scroll of poison {unknown}
 t - a scroll of teleportation {unknown}
Potions
 c - a potion of heal wounds
 g - a potion of curing
 l - a potion of brilliance


   Skills:
 * Level 3.4 Fighting
 * Level 4.2 Polearms
 - Level 1.0 Throwing
 - Level 1.0 Armour
 - Level 1.0 Dodging
 - Level 1.0 Stealth
 - Level 1.0 Spellcasting
 - Level 3.0 Summonings
 + Level 0.3 Evocations


You had 5 spell levels left.
You knew the following spells:

 Your Spells              Type           Power      Damage    Failure   Level
a - Summon Small Mammal   Summ           36%        N/A       99%         1

Your spell library contained the following spells:

 Spells                   Type           Power      Damage    Failure   Level
 Sublimation of Blood     Necr           0%         N/A       100%        2
 Wereblood                Tmut           0%         N/A       100%        2
 Portal Projectile        Hex/Tloc       0%         N/A       100%        3
 Summon Guardian Golem    Hex/Summ       4%         N/A       100%        3
 Tukima's Dance           Hex            0%         N/A       100%        3
 Blade Hands              Tmut           0%         N/A       100%        5
 Summon Hydra             Summ           4%         N/A       100%        7


Dungeon Overview and Level Annotations

Branches:
Dungeon (3/15)

Altars:


Innate Abilities, Weirdness & Mutations

You are partially covered in icy blue scales. (AC +2)
You regenerate health from kills.


Message History

You barely miss the goblin. The goblin hits you but does no damage.
You puncture the goblin!
You kill the goblin!
Things that are here:
a +0 club; a goblin corpse You open the door.
There is an open door here.
You now have 147 gold pieces (gained 4).
You see here a +0 dagger.
You open the door.
There is an open door here.
There is an open door here.
Things that are here:
a +0 club; a goblin corpse
There is an open door here.
You see here a +0 mace.
You see here a +0 robe.
An ice beast comes into view.
The ice beast moves out of view.
You enter the shallow water.
Moving in this stuff is going to be slow.
You barely miss the ice beast. The ice beast completely misses you.
You hit the ice beast but do no damage.
The ice beast hits you but does no damage.
You barely miss the ice beast. Your punch misses the ice beast.
The ice beast hits you. The ice beast freezes you!
You barely miss the ice beast. The ice beast hits you.
The ice beast freezes you!
Found an escape hatch in the ceiling.
You barely miss the ice beast.
The ice beast hits you but does no damage.
You closely miss the ice beast. The ice beast hits you.
The ice beast freezes you!
* * * LOW HITPOINT WARNING * * *
You puncture the ice beast!
The ice beast is moderately wounded.
The ice beast hits you.
* * * LOW HITPOINT WARNING * * *
The ice beast freezes you!
You die...

,,,,,,,,,* #.# ,,,,,,,,,*
#.###### ######### ,,,,,,,,,*
#......## #.......# ,,,,,,,,,*
##...~..###.......# ,,,,,,,,,*
#..~§§...##.......# ,,,,,,,,,*
#§.§~~~...[)......# ,,,,,,,,,*
#§§§§§~.###.......# ,,,***+***
#§§§§§§P# #.......# ,,,*
*,*******#Y@§.~..# #.......# ,,,*
*,,,<.....§####### #.......# ,,,*
*,**#######* #.......#
******,***************###.......#
,,,,,,,,,,,,,,,,,,,,,...........'
,*****,**************####.......#
,,,,,,,,,,,,,,,,,,,,,,..........#
,,,,,,,,,,************#..........
,,,,,,,,,,* #..........


You could see an ice beast.

Vanquished Creatures
  A black bear (D:3)
  2 adders (D:2)
  3 gnolls (D:3)
  An adder zombie (D:3)
  A worm (D:2)
  A dart slug (D:1)
  5 orcs (D:3)
  5 ball pythons
  2 endoplasms
  2 giant cockroaches (D:1)
  5 goblins
  3 hobgoblins
  3 quokkas
  6 bats
  A frilled lizard (D:3)
  A jackal skeleton (D:3)
  7 kobolds
  3 rats
52 creatures vanquished.

Notes
Turn   | Place    | Note
-------+----------+-------------------------------------------
     0 | D:1      | IdlyInterested the Demonspawn Wanderer began the quest for
                  | the Orb.
     0 | D:1      | IdlyInterested set off with the following items: a +0
                  | trident, a +0 scale mail, a potion of heal wounds; and the
                  | following spell memorised: Summon Small Mammal; and the
                  | following spells available to memorise: Summon Guardian
                  | Golem.
     0 | D:1      | Reached XP level 1. HP: 15/15 MP: 2/2
   116 | D:1      | Gained mutation: You regenerate a little health from kills.
                  | [demonic ancestry]
   116 | D:1      | Reached XP level 2. HP: 17/21 MP: 3/3
   119 | D:1      | Reached skill level 3 in Polearms
   972 | D:2      | Gained mutation: You regenerate health from kills. [demonic
                  | ancestry]
   972 | D:2      | Reached XP level 3. HP: 27/27 MP: 4/4
  1200 | D:2      | Found a faded altar of an unknown god.
  1218 | D:2      | Reached skill level 1 in Dodging
  1725 | D:3      | Noticed a black bear
  1745 | D:3      | Killed a black bear
  1746 | D:3      | Reached skill level 4 in Polearms
  1746 | D:3      | Reached skill level 1 in Throwing
  1746 | D:3      | Reached XP level 4. HP: 21/35 MP: 5/5
  1746 | D:3      | Gained mutation: You are partially covered in icy blue
                  | scales. (AC +2) [demonic ancestry]
  1746 | D:3      | Reached XP level 5. HP: 25/41 MP: 6/6
  1997 | D:3      | Noticed an ice beast
  2009 | D:3      | Slain by an ice beast

Illustrated notes

Levels and vault maps discovered:
D:1:      scummos_arrival_hexagon, layout_basic
D:2:      layout_loops_ring, chequers_ecumenical_altar_twisty,
          minmay_pentomino_o2
D:3:      layout_basic, serial_undead, serial_undead_b, serial_undead_f,
          serial_undead_b, serial_undead_c, serial_undead_c, serial_undead_d

Skill      XL: |  1  2  3 |
---------------+----------+-----
Polearms       | 3 4 |  4.2
Fighting       | 2 3 |  3.4
Dodging        | 1 |  1.0
Throwing       | 1 |  1.0
Armour         | |  1.0
Stealth        | |  1.0
Spellcasting   | |  1.0
Summonings     | |  3.0
Evocations     | |  0.3

Action                     |  1- 3 |  4- 6 || total
---------------------------+-------+-------++-------
  Melee: Trident           |   172 |    57 ||   229
         Punch             |     2 |       ||     2
  Throw: Stone             |     7 |       ||     7
    Use: Scroll            |     2 |       ||     2
         Potion            |     2 |       ||     2
 Armour: Scale mail        |    20 |       ||    20
         Chain mail        |    89 |       ||    89
         Plate armour      |    20 |    38 ||    58
  Dodge: Dodged            |    57 |    11 ||    68

Table legend: (Time is in decaauts)
 A = Elapsed time spent in this place.
 B = Non-inter-level travel time spent in this place.
 C = Inter-level travel time spent in this place.
 D = Time resting spent in this place.
 E = Time spent auto-exploring this place.
 F = Levels seen in this place.
 G = Mean time per level.
                   A        B        C        D        E       F      G
               +--------+--------+--------+--------+--------+-----+--------+
         Total |   2041 |   1740 |    301 |     26 |   1115 |   3 |  680.3 |
       Dungeon |   2041 |   1740 |    301 |     26 |   1115 |   3 |  680.3 |
               +--------+--------+--------+--------+--------+-----+--------+

Top non-repeatable levels by time:
     D:1: 898 daAuts
     D:2: 765 daAuts
     D:3: 377 daAuts
